 Dungeon Crawl Stone Soup version 0.21.1-1-g345015f (webtiles) character file.

37873 Mgcat the Fighter (level 13, -4/88 HPs)
             Began as a Gargoyle Gladiator on Feb 13, 2018.
             Was the Champion of Ru.
             Slain by a death yak (10 damage)
             ... on level 5 of the Lair of Beasts.
             The game lasted 00:44:38 (19021 turns).

Mgcat the Fighter (Gargoyle Gladiator)             Turns: 19021, Time: 00:44:39

Health: -4/88      AC: 18    Str: 17    XL:     13   Next: 99%
Magic:  11/11      EV:  5    Int: 11    God:    Ru [******]
Gold:   1075       SH:  0    Dex: 15    Spells: 12/12 levels left

rFire    + . .     SeeInvis .   a - +4 war axe
rCold    + . .     Gourm    .   t - +5 shield
rNeg     + . .     Faith    .   o - +3 ring mail
rPois    ∞         Spirit   .   c - +2 helmet
rElec    +         Reflect  +   (no cloak)
rCorr    .         Harm     .   (no gloves)
MR       .....                  (no boots)
Stlth    ..........             b - +4 amulet of reflection
HPRegen  0.24/turn              s - ring of protection from fire {rF+, !d}
MPRegen  0.12/turn              j - ring of protection from cold {rC+, !d}

@: confused, exhausted, heavily drained
A: low mp 1, negative energy resistance 1, electricity resistance, unbreathing,
petrification resistance, rot immunity, inability to use devices, hated by all,
reduced AC 1, reduced EV 1, AC +9
a: Draw Out Power, Power Leap, Apocalypse, Renounce Religion


You were on level 5 of the Lair of Beasts.
You worshipped Ru.
Ru was exalted by your worship.
You were not hungry.

You visited 3 branches of the dungeon, and saw 17 of its levels.
You also visited: Ice Cave.

You collected 1075 gold pieces.

Inventory:

Hand Weapons
 a - a +4 war axe (weapon)
 g - a +0 war axe
   (You found it on level 4 of the Lair of Beasts)
 B - a +1 flail of crushing
   (You found it on level 8 of the Dungeon)
Missiles
 d - 2 throwing nets {=f, !d}
 u - 19 tomahawks (quivered)
Armour
 c - a +2 helmet (worn)
 o - a +3 ring mail (worn)
   (You found it on level 9 of the Dungeon)
 t - a +5 shield (worn)
   (You found it on level 5 of the Dungeon)
Jewellery
 b - a +4 amulet of reflection (around neck)
   (You found it on level 3 of the Lair of Beasts)
 e - an uncursed ring of ice {rC+, rF-}
   (You took it off Fannar on level 1 of the Lair of Beasts)
 j - a ring of protection from cold (right hand) {rC+, !d}
   (You found it in an ice cave)
 s - a ring of protection from fire (left hand) {rF+, !d}
   (You found it on level 2 of the Lair of Beasts)
 x - a +5 ring of intelligence
   (You found it on level 7 of the Dungeon)
Scrolls
 h - a scroll of enchant armour
 i - 9 scrolls of remove curse
 k - 8 scrolls of teleportation
 l - 2 scrolls of identify
 q - 3 scrolls of fog
 r - 3 scrolls of amnesia
 y - a scroll of fear
Potions
 m - 8 potions of flight
 n - 3 potions of mutation {!q}
 p - a potion of agility {unknown}
 v - 2 potions of brilliance
 w - a potion of cancellation {unknown}
 z - 2 potions of ambrosia
 C - a potion of magic
 D - a potion of curing
 E - a potion of berserk rage {unknown}
Comestibles
 f - 25 rations
 A - 9 chunks of flesh {@w0}


   Skills:
 + Level 13.5(11.9) Fighting
 + Level 11.8(10.3) Axes
 - Level 1.7(0.6) Throwing
 + Level 13.4(11.8) Armour
 - Level 2.4(1.2) Dodging
 + Level 10.3(8.8) Shields


You had 12 spell levels left.
You didn't know any spells.

Dungeon Overview and Level Annotations

Branches:
Dungeon (11/15)            Temple (1/1) D:6            Lair (5/6) D:9
 Shoals (0/4) Lair:4        Snake (0/4) Lair:2          Orc (0/2) D:10
  Slime: Lair:5-6

Altars:
Ashenzari
Cheibriados
Dithmenos
Elyvilon
Fedhas
Gozag
Hepliaklqana
Kikubaaqudgha
Makhleb
Nemelex Xobeh
Okawaru
Qazlal
Ru
Sif Muna
Trog
Uskayaw
Vehumet
Wu Jian
Xom
Yredelemnul
Zin
The Shining One

Shops:
D:6 (   D:7 (   D:8 !   D:11 }

Annotations:
D:5 2 transporters, Blork the orc
D:11 1 runed door
Lair:4 exclusion: 2 oklob plants


Innate Abilities, Weirdness & Mutations

You are resistant to torment.
Your stone body is resilient. (AC +9)
You are immune to poison.
Your magical capacity is low. (-10% MP)
You resist negative energy. (rN+)
You are resistant to electric shocks. (rElec)
You can survive without breathing.
You are immune to petrification.
You are immune to rotting.
You cannot study or use magical devices.
You are hated by all.
You take slightly more damage. (AC -5)
You have somewhat slow reflexes. (EV -5)


Message History

The death yak is stunned by your will and fails to attack.
You hit the death yak but do no damage.
The death yak is lightly wounded.
You hit the death yak.
The death yak gores you but does no damage.
You block the death yak's attack.
The death yak snorts and paws the ground.
You hit the death yak.
The death yak is lightly wounded.
You hit the death yak. You block the death yak's attack.
The death yak gores you but does no damage.
You hit the death yak but do no damage.
The death yak is lightly wounded.
You hit the death yak. You block the death yak's attack.
The death yak gores you but does no damage.
You completely miss the death yak.
The death yak is lightly wounded.
You hit the death yak but do no damage.
The death yak is stunned by your will and fails to attack. x2
You hit the death yak.
The death yak is lightly wounded.
You hit the death yak. You block the death yak's attack.
The death yak gores you!!
You slash the death yak!
The death yak is moderately wounded.
You hit the death yak.
The death yak gores you but does no damage.
The death yak is stunned by your will and fails to attack.
The death yak gores you but does no damage.
You barely miss the death yak.
The death yak is moderately wounded.
You slash the death yak! The death yak completely misses you.
You slash the death yak!
The death yak is moderately wounded.
You hit the death yak but do no damage. You block the death yak's attack.
The death yak gores you but does no damage.
You slash the death yak!
The death yak is heavily wounded.
You slash the death yak! The death yak gores you!!
You redirect the death yak's attack!
The death yak gores itself!
The death yak gores you!
You focus your will and slow the death yak in retribution!
You are too injured to fight recklessly!
You are too injured to fight recklessly!
You are too injured to fight recklessly!
You are too injured to fight recklessly!
You reveal the great annihilating truth to your foes!
You kill the death yak! x2
The death yak slows down under the weight of truth!
You kill the death yak!
You kill the elephant!
You feel drained.
Unknown command.
Unknown command.
You slice the death yak!!
The death yak is moderately wounded.
You slash the death yak!
The death yak is lightly wounded.
You completely miss the death yak. You block the death yak's attack. x2
You completely miss the death yak.
The death yak is lightly wounded.
You hit the death yak but do no damage. You block the death yak's attack.
The death yak is stunned by your will and fails to attack.
Unknown command.
You slash the death yak!
The death yak is heavily wounded.
You slash the death yak! The death yak gores you!
You block the death yak's attack.
You slash the death yak!
The death yak is severely wounded.
You hit the death yak but do no damage. You block the death yak's attack.
The death yak is stunned by your will and fails to attack.
You are confused.
You feel invigorated. The death yak gores you. The death yak gores you!
* * * LOW HITPOINT WARNING * * *
You hit the death yak.
The death yak is severely wounded.
You closely miss the death yak. The death yak gores you.
* * * LOW HITPOINT WARNING * * *
The death yak gores you.
* * * LOW HITPOINT WARNING * * *
You bump into the rock wall.
The death yak gores you but does no damage.
The death yak gores you.
* * * LOW HITPOINT WARNING * * *
Unknown command.
Unknown command.
You bump into the rock wall.
The death yak snorts and paws the ground.
The death yak gores you!
* * * LOW HITPOINT WARNING * * *
The death yak barely misses you.
Unknown command.
Unknown command.
You're too confused!
Unknown command.
You're too confused!
You bump into the rock wall.
The death yak gores you but does no damage.
The death yak gores you!
You die...

# ##.........# ###. ##
#..........# ## .###
##.........## .
...#####P..........##..
.....##.P...........YY.
.....PP...#.......Y....
.....P........†lY..YY..
.......##..P..#Y##...#
...#####....###Y@# #
.#.# ###..# #### ..##
#### ###


You could see 2 death yaks and a komodo dragon.

Vanquished Creatures
  Fannar (Lair:1)
  3 hydras
  8 death yaks (Lair:5)
  An unseen horror (D:11)
  2 ugly things (D:11)
  A cyclops (D:11)
  8 elephants (Lair:5)
  3 black mambas
  2 centaur skeletons
  7 spiny frogs
  A kobold demonologist (D:11)
  3 rime drakes
  4 komodo dragons
  3 trolls
  10 polar bears
  3 blink frogs (Lair:4)
  4 hippogriffs
  Prince Ribbit (D:7)
  2 wyverns (D:9)
  38 yaks
  2 basilisks
  2 vampire mosquitoes (D:11)
  3 hungry ghosts
  3 water moccasins
  Duvessa (D:7)
  9 porcupines
  3 sky beasts
  2 ogres
  8 orc warriors
  A black bear (D:7)
  2 phantoms
  3 eyes of draining
  A necrophage (D:11)
  The ghost of Lapis the Digger, an amateur NaEE (D:3)
  7 crocodiles
  21 wolves
  3 centaurs
  2 big kobolds
  13 bullfrogs
  2 scorpions
  Dowan (D:7)
  15 killer bees
  4 wights (D:9)
  An electric eel (Lair:2)
  6 howler monkeys
  7 crimson imps
  3 quasits
  A centaur zombie (D:10)
  5 hounds
  2 bullfrog skeletons
  2 jellies
  4 orc priests
  14 orc wizards
  3 iguanas
  9 worker ants
  2 hound skeletons
  A howler monkey zombie (D:11)
  A worker ant zombie (D:6)
  7 gnolls
  9 adders
  2 shadow imps (D:11)
  3 oozes
  An adder skeleton (D:7)
  4 worms
  A dart slug (D:2)
  5 leopard geckos
  46 orcs
  A ball python (D:3)
  10 bats
  3 giant cockroaches
  7 goblins
  9 hobgoblins
  14 jackals
  4 quokkas
  6 frilled lizards
  A giant cockroach zombie (D:6)
  16 kobolds
  A leopard gecko skeleton (D:7)
  A leopard gecko zombie (D:7)
  8 rats
  4 fungi (Lair:5)
  A plant (Lair:5)
439 creatures vanquished.

Vanquished Creatures (others)
  A polar bear (IceCv)
  A hippogriff (Lair:4)
  A blink frog (Lair:4)
  A wyvern (D:9)
  A yak (IceCv)
  A porcupine (Lair:5)
  A swamp drake (D:9)
  10 fungi
  13 plants
  14 toadstools (D:1)
44 creatures vanquished.

Grand Total: 483 creatures vanquished

Notes
Turn   | Place    | Note
-------+----------+-------------------------------------------
     0 | D:1      | Mgcat the Gargoyle Gladiator began the quest for the Orb.
     0 | D:1      | Reached XP level 1. HP: 12/12 MP: 1/1
   109 | D:1      | Reached XP level 2. HP: 18/18 MP: 2/2
   151 | D:1      | Reached skill level 1 in Armour
   278 | D:1      | Reached skill level 3 in Axes
   742 | D:2      | Reached XP level 3. HP: 22/22 MP: 3/3
   943 | D:2      | Found a stormy altar of Qazlal.
   953 | D:2      | Reached skill level 3 in Fighting
  1085 | D:2      | Reached skill level 2 in Armour
  1183 | D:2      | Reached XP level 4. HP: 24/28 MP: 4/4
  1451 | D:3      | Noticed Lapis's ghost (amateur NaEE)
  1464 | D:3      | Killed Lapis's ghost
  1464 | D:3      | Reached skill level 3 in Armour
  1464 | D:3      | Reached XP level 5. HP: 28/33 MP: 5/5
  1523 | D:3      | Reached skill level 4 in Fighting
  1721 | D:3      | Found a deep blue altar of Sif Muna.
  1750 | D:3      | Reached skill level 4 in Axes
  1839 | D:3      | Noticed a centaur
  1846 | D:3      | HP: 7/33 [centaur (5)]
  1855 | D:3      | Killed a centaur
  1855 | D:3      | Reached XP level 6. HP: 30/39 MP: 6/6
  1985 | D:4      | Noticed a sky beast
  2009 | D:4      | Killed a sky beast
  2009 | D:4      | Reached skill level 4 in Armour
  2009 | D:4      | Reached XP level 7. HP: 30/44 MP: 7/7
  2311 | D:4      | Reached skill level 5 in Fighting
  2338 | D:4      | HP: 7/44 [orc warrior/short sword (16)]
  2364 | D:4      | HP: 10/44 [orc wizard/magic dart (1)]
  2812 | D:5      | Entered Level 5 of the Dungeon
  2812 | D:5      | Found a snail-covered altar of Cheibriados.
  2837 | D:5      | Reached skill level 5 in Axes
  2915 | D:5      | Found a transporter.
  2924 | D:5      | Reached skill level 5 in Armour
  2953 | D:5      | Found a sparkling altar of Nemelex Xobeh.
  2995 | D:5      | Found a hazy altar of Hepliaklqana.
  3029 | D:5      | Noticed Blork the orc
  3090 | D:5      | Found a transporter.
  3103 | D:5      | Reached XP level 8. HP: 49/51 MP: 8/8
  3109 | D:5      | Reached skill level 6 in Fighting
  3117 | D:5      | Noticed a kobold demonologist
  3541 | D:5      | Found a deep blue altar of Sif Muna.
  3974 | D:6      | Reached skill level 6 in Armour
  4213 | D:6      | Found a staircase to the Ecumenical Temple.
  4221 | Temple   | Entered the Ecumenical Temple
  4383 | D:6      | Reached skill level 6 in Axes
  4418 | D:6      | Found Ilis's Weapon Shop.
  4500 | D:6      | Reached skill level 7 in Fighting
  5153 | D:7      | Noticed Prince Ribbit
  5167 | D:7      | Killed Prince Ribbit
  5167 | D:7      | Reached XP level 9. HP: 37/57 MP: 9/9
  5224 | D:7      | Reached skill level 7 in Armour
  5470 | D:7      | Noticed Dowan
  5575 | D:7      | Killed Dowan
  5578 | D:7      | Noticed Duvessa
  5593 | D:7      | Killed Duvessa
  5696 | D:7      | Found Apnoumpix's Antique Weapon Shoppe.
  5712 | D:7      | Found a blossoming altar of Fedhas.
  5729 | D:7      | Reached skill level 8 in Fighting
  5729 | D:7      | Reached skill level 7 in Axes
  5814 | D:7      | Reached skill level 8 in Armour
  5878 | D:7      | HP: 12/60 [yak (10)]
  5879 | D:7      | HP: 4/60 [yak (9)]
  6129 | D:7      | Reached skill level 9 in Fighting
  6153 | D:7      | Reached XP level 10. HP: 57/66 MP: 10/10
  6187 | D:7      | Reached skill level 8 in Axes
  6320 | D:7      | Got a smoking short sword
  6357 | D:7      | Found a radiant altar of Vehumet.
  6652 | D:4      | Reached skill level 9 in Armour
  6820 | D:4      | Found a glowing silver altar of Zin.
  6822 | D:4      | Found a shadowy altar of Dithmenos.
  6822 | D:4      | Found a glowing silver altar of Zin.
  6824 | D:4      | Found a basalt altar of Yredelemnul.
  6824 | D:4      | Found a shimmering altar of Xom.
  6824 | D:4      | Found an iron altar of Okawaru.
  7163 | D:8      | Found Kasetobb's Distillery.
  7493 | D:8      | Identified the cursed +0 short sword of Othrel Pile {venom, Int+2} (You found it on level 7 of the Dungeon)
  8010 | D:9      | Reached skill level 1 in Shields
  8405 | D:9      | Reached skill level 2 in Shields
  8537 | D:9      | Found a bloodstained altar of Trog.
  8652 | D:9      | Reached skill level 10 in Fighting
  8792 | D:9      | Found a white marble altar of Elyvilon.
  8792 | D:9      | Found a glowing silver altar of Zin.
  8793 | D:9      | Found a glowing golden altar of the Shining One.
  8846 | D:9      | Found a sacrificial altar of Ru.
  8854 | D:9      | Became a worshipper of Ru the Awakened
  9050 | D:9      | Reached skill level 3 in Shields
  9088 | D:9      | Found a staircase to the Lair.
  9301 | D:10     | Entered Level 10 of the Dungeon
  9361 | D:10     | Reached skill level 9 in Axes
  9361 | D:10     | Reached skill level 10 in Armour
  9361 | D:10     | Reached XP level 11. HP: 73/73 MP: 11/11
  9408 | D:10     | Found a staircase to the Orcish Mines.
  9452 | D:10     | Reached skill level 4 in Shields
 10299 | D:11     | Found Urphavve's Gadget Emporium.
 10315 | D:11     | Gained mutation: You are hated by all. [Ru sacrifice]
 10315 | D:11     | Reached * piety under Ru
 10359 | D:11     | Noticed a purple ugly thing
 10391 | D:11     | Killed a purple ugly thing
 10438 | D:11     | Found a glowing silver altar of Zin.
 10438 | D:11     | Noticed an angel
 10439 | D:11     | Found a runed door.
 10443 | D:11     | Noticed a purple ugly thing
 10474 | D:11     | Killed a purple ugly thing
 10481 | D:11     | Noticed an unseen horror
 10485 | D:11     | Killed an unseen horror
 10485 | D:11     | Reached skill level 5 in Shields
 10714 | D:11     | Noticed a cyclops
 10727 | D:11     | Reached skill level 11 in Fighting
 10735 | D:11     | Killed a cyclops
 11250 | D:11     | Reached skill level 6 in Shields
 11391 | D:11     | Reached skill level 11 in Armour
 11625 | Lair:1   | Entered Level 1 of the Lair of Beasts
 11709 | Lair:1   | Found a frozen archway.
 11709 | Lair:1   | HP: 16/74 [rime drake/flash freeze (30)]
 11724 | Lair:1   | Reached skill level 10 in Axes
 11724 | Lair:1   | Reached XP level 12. HP: 35/80 MP: 12/12
 11839 | IceCv    | Entered an ice cave
 12076 | IceCv    | Reached skill level 7 in Shields
 12215 | IceCv    | Gained mutation: You cannot study or use magical devices. [Ru sacrifice]
 12215 | IceCv    | Reached ** piety under Ru
 12215 | IceCv    | Reached *** piety under Ru
 12294 | IceCv    | HP: 20/81 [polar bear (11)]
 12638 | IceCv    | Reached skill level 12 in Fighting
 12847 | IceCv    | Noticed a frost giant
 12884 | IceCv    | HP: 18/81 [frost giant/battleaxe of freezing (7)]
 13250 | IceCv    | HP: 14/81 [something (18)]
 13829 | Lair:1   | Noticed Fannar
 13896 | Lair:1   | Killed Fannar
 14311 | Lair:1   | Reached skill level 12 in Armour
 14311 | Lair:1   | Reached skill level 8 in Shields
 14918 | Lair:2   | Noticed a seven-headed hydra
 15233 | Lair:2   | Gained mutation: You take slightly more damage. (AC -5) [Ru sacrifice]
 15233 | Lair:2   | Reached **** piety under Ru
 15233 | Lair:2   | Reached ***** piety under Ru
 15237 | Lair:2   | Found a staircase to the Snake Pit.
 15448 | Lair:2   | HP: 18/82 [seven-headed hydra (4)]
 15450 | Lair:2   | Killed a seven-headed hydra
 15450 | Lair:2   | Reached XP level 13. HP: 26/87 MP: 13/13
 16067 | Lair:2   | HP: 20/87 [porcupine's spines (9)]
 16067 | Lair:2   | Reached skill level 11 in Axes
 16649 | Lair:3   | Reached skill level 9 in Shields
 17177 | Lair:4   | Found a staircase to the Shoals.
 17390 | Lair:4   | Gained mutation: Your magical capacity is low. (-10% MP) [Ru sacrifice]
 17507 | Lair:4   | Reached skill level 13 in Fighting
 18352 | Lair:5   | Reached skill level 13 in Armour
 18497 | Lair:5   | Reached skill level 10 in Shields
 18910 | Lair:5   | Gained mutation: You have somewhat slow reflexes. (EV -5) [Ru sacrifice]
 18910 | Lair:5   | Reached ****** piety under Ru
 19017 | Lair:5   | HP: 12/88 [death yak (15)]
 19020 | Lair:5   | HP: 1/88 [death yak (13)]
 19021 | Lair:5   | Slain by a death yak

Skill      XL: |  1  2  3  4  5  6  7  8  9 10 11 12 13 |
---------------+----------------------------------------+-----
Armour         | 1 2 3 4 5 6 8 10 11 12 13 | 13.4
Axes           | 3 4 5 6 7 9 10 11 | 11.8
Fighting       | 3 4 5 7 9 10 11 12 13 | 13.5
Shields        | 3 6 8 10 | 10.3
Throwing       | |  1.7
Dodging        | |  2.4

Action                   |  1- 3 |  4- 6 |  7- 9 | 10-12 | 13-15 || total
-------------------------+-------+-------+-------+-------+-------++-------
Melee: War axe           |   101 |   128 |   424 |  1128 |   408 ||  2189
       Flail             |       |       |       |     8 |    11 ||    19
Throw: Tomahawk          |       |       |       |     8 |     6 ||    14
       Throwing net      |       |       |       |       |     3 ||     3
Invok: Sacrifice Love    |       |       |       |     1 |       ||     1
       Sacrifice Health  |       |       |       |     1 |     1 ||     2
       Sacrifice Artific |       |       |       |     1 |       ||     1
       Draw Out Power    |       |       |       |       |     2 ||     2
       Apocalypse        |       |       |       |       |     2 ||     2
       Sacrifice Essence |       |       |       |       |     1 ||     1
  Use: Scroll            |     7 |       |     6 |    27 |     3 ||    43
       Potion            |       |     1 |     4 |     8 |     2 ||    15
 Stab: Sleeping          |     1 |       |       |       |       ||     1
       Confused          |       |       |       |     2 |       ||     2
       Distracted        |       |       |       |     1 |     4 ||     5
       Invisible         |       |       |       |       |     2 ||     2
  Eat: Chunk             |     1 |     3 |     8 |    26 |     8 ||    46
       Ration            |       |       |     2 |     3 |     1 ||     6
Armor: Leather armour    |    29 |       |       |       |       ||    29
       Ring mail         |    20 |    92 |    33 |   409 |   105 ||   659
       Chain mail        |       |       |   336 |   216 |       ||   552
Dodge: Dodged            |    81 |    88 |   137 |   397 |    91 ||   794
Block: Shield            |       |       |   150 |   791 |   382 ||  1323
       Reflection        |       |       |       |       |     1 ||     1

Vault maps used:
D:1:      nagdon_arrival_zigzag_paths
D:2:      lemuel_doored_altar, kennysheep_generic_room_4
D:3:      lemuel_crystal_altar, first_ration
D:4:      doesnt_xom_only_xom
D:5:      gammafunk_wand_slinger, old_standard_altar, kennysheep_mini_moat,
          overflow_temple_1_default, tgw_sif
D:6:      minmay_temple_entry_statues, serial_shops, shop,
          serial_co_window_serial, co_window_paths_a, co_window_paths_b,
          co_window_paths_a, co_window_paths_a, co_window_paths_a,
          co_window_paths_a, co_window_paths_a, co_window_of_opportunity_b,
          co_window_2corner, co_window_cross_4, co_window_corner_cb,
          co_window_4corner_b, co_window_4corner_a, glass_columns_a,
          glass_columns_a, glass_columns_b, glass_columns_a
D:7:      kennysheep_little_box, overflow_temple_1_default, serial_shops,
          nicolae_shop_waterfront, uniq_duvessa, uniq_prince_ribbit1
D:8:      serial_shops, shop, blue_anna_alchemist
D:9:      good_gods_mini_temple, nicolae_ru_path_of_blood,
          trog_eyes_of_draining, erik_lair_dragon
D:10:     david_orc_1_choice
D:11:     serial_shops, shop, lemuel_angel_altar
Temple:   jpeg_temple_island
Lair:1:   portal_ice_cave_rime, beast_lair_carwin_9, uniq_fannar
Lair:2:   dummy_snake_entry, serial_bayou_lake_a
Lair:4:   elwin_shoals_entry_rocks, minmay_lair_oklob_chamber
Lair:5:   minmay_slime_entry_oklob_enclosed, beast_lair_carwin_6,
          grunt_megastairs_5
IceCv:    ice_cave_caverns_03

Table legend:
 A = Turns spent in this place as a percentage of turns spent in the entire game.
 B = Non-inter-level travel turns spent in this place as a percentage of non-inter-level travel turns spent in the entire game.
 C = Inter-level travel turns spent in this place as a percentage of turns spent in this place.
 D = Turns resting spent in this place as a percentage of non-inter-level travel turns spent in this place.
 E = Turns spent auto-exploring this place as a percentage of non-inter-level travel turns spent in this place.
 F = Non-inter-level travel turns spent in this place divided by the number of levels of this place that you've seen.
                   A       B       C       D       E      F
               +-------+-------+-------+-------+-------+----------------------
         Total | 100.0 | 100.0 |   6.7 |  11.8 |  65.1 | 986.3
       Dungeon |  61.4 |  59.5 |   9.5 |   7.3 |  69.3 | 960.1
        Temple |   0.6 |   0.5 |  13.6 |   0.0 |  84.2 |  95.0
          Lair |  30.6 |  32.0 |   2.5 |  12.8 |  65.9 | 1137.0
      Ice Cave |   7.4 |   8.0 |   0.0 |  42.3 |  30.2 | 1412.0
               +-------+-------+-------+-------+-------+----------------------

Table legend:
 A = Kills in this place as a percentage of kills in entire the game.
 B = Kills by you in this place as a percentage of kills by you in the entire game.
 C = Kills by friends in this place as a percentage of kills by friends in the entire game.
 D = Other kills in this place as a percentage of other kills in the entire game.
 E = Experience gained in this place as a percentage of experience gained in the entire game.
 F = Experience gained in this place divided by the number of levels of this place that you have seen.
                   A       B       C       D       E      F
               +-------+-------+-------+-------+-------+----------------------
         Total | 100.0 | 100.0 |   N/A | 100.0 | 100.0 | 3005.8
       Dungeon |  68.6 |  69.1 |   N/A |  33.3 |  31.1 | 1527.4
          Lair |  23.2 |  22.8 |   N/A |  50.0 |  56.1 | 6070.2
      Ice Cave |   8.2 |   8.1 |   N/A |  16.7 |  12.9 | 6953.0
               +-------+-------+-------+-------+-------+----------------------
